[Event "*** Titled Tuesday 3|2 Blitz"]
[Site "Chess.com"]
[Date "2015.05.05"]
[Round "4"]
[White "hellokostya"]
[Black "pedromartinez91"]
[Result "1-0"]
[WhiteElo "2281"]
[BlackElo "2158"]
[TimeControl "180+2"]
[EndTime "11:47:59 PDT"]
[Termination "hellokostya won by resignation"]

1. d4 d5 2. c4 dxc4 3. Nf3 Nf6 4. e3 e6 5. Bxc4 c5 6. O-O Nc6 7. dxc5 Bxc5 8. Qxd8+ Kxd8 9. Nbd2 Ke7 10. Be2 Bd6 11. a3 Bd7 12. b4 a6 13. Nc4 Bc7 14. Bb2 Rhd8 15. Rfd1 Be8 16. Nfd2 b5 17. Bxf6+ gxf6 18. Nb2 Be5 19. Rab1 f5 20. Nd3 Bd6 21. Nb3 a5 22.
Bf3 a4 23. Nd4 Nxd4 24. Bxa8 Nb3 25. Bf3 Rc8 26. Rb2 Rc3 27. g3 f6 28. Kg2 e5 29. Bd5 Bh5 30. f3 e4 31. Nf4 Bxf3+ 32.
Kh3 Bxd1 33. Bxb3 axb3 34. Nd5+ Ke6 35. Nxc3 Bc2 36. Nxb5 Be5 37. Nd4+ Kd5 38. Rxc2 Bxd4 39. Rd2 Kc4 40. Rxd4+ Kc3 41. b5 Kc2 42. b6 1-0

[Event "*** Titled Tuesday 3|2 Blitz"]
[Site "Chess.com"]
[Date "2015.05.05"]
[Round "4"]
[White "Palacios-LLera"]
[Black "Zvonokchess"]
[Result "0-1"]
[WhiteElo "2106"]
[BlackElo "2488"]
[TimeControl "180+2"]
[EndTime "11:48:02 PDT"]
[Termination "Zvonokchess won by resignation"]

1. d4 Nf6 2. Nf3 d5 3. c4 c6 4. Nc3 dxc4 5. a4 Bf5 6. e3 e6 7. Bxc4 Bb4 8. O-O Nbd7 9. Qe2 Bg6 10. Rd1 O-O 11. Bd3 Qa5 12. Bxg6 hxg6 13. Bd2 e5 14. dxe5 Nxe5 15. Nxe5 Qxe5 16. h3 Rfe8 17.
Be1 a5 18. Rd3 Qe6 19. Qc2 Nd7 20. Ne2 Nc5 21. Rd4 Nb3 22. Rad1 Nxd4 23. Nxd4 Qe4 24. Qb3 Bxe1 25. Rxe1 Rad8 26. Rc1 Rd7 27. Qb6 Re5 28. b3 Red5 29. Rf1 Rg5 30. g3 Rxg3+ 31. fxg3 Qxe3+ 32.
Kg2 Rxd4 33. Rf2 Qe4+ 34. Kh2 Rd1 35. Rg2 Qe1 36. Rg1 Qxg1+ 37. Qxg1 Rxg1 38. Kxg1 Kf8 39. Kf2 Ke7 40. Ke3 Kd6 41. Kd4 b5 42. g4 c5+ 43. Ke4 c4 44. bxc4 b4 45. Kd4 f5 46.
g5 f4 47. Ke4 b3 48. Kxf4 b2 0-1

[Event "*** Titled Tuesday 3|2 Blitz"]
[Site "Chess.com"]
[Date "2015.05.05"]
[Round "4"]
[White "dabee"]
[Black "igorkovalenko"]
[Result "0-1"]
[WhiteElo "2353"]
[BlackElo "2511"]
[TimeControl "180+2"]
[EndTime "11:48:08 PDT"]
[Termination "igorkovalenko won by resignation"]

1. d4 Nf6 2. Bg5 d5 3. e3 e6 4. Bd3 Be7 5. Nd2 c5 6. c3 Nc6 7. Ngf3 Nd7 8. Bf4 a6 9. Qe2 c4 10. Bc2 f5 11. b3 b5 12. a4 Bb7 13. h3 g5 14. Bh2 h5 15. Ne5 Ndxe5 16. dxe5 g4 17. Bf4 Kf7 18. hxg4 hxg4 19. Rxh8 Qxh8 20. axb5 axb5 21. Rxa8 Bxa8 22. bxc4 bxc4 23. f3 Nxe5 24. e4 Qh1+ 25. Qf1 Qxf1+ 26. Kxf1 Ng6 27. Be3 f4 28. Bd4 g3 29. exd5 exd5 30. Bxg6+ Kxg6 31. Ke2 Bc6 32. Kd1 Ba4+ 33. Ke2 Bc2 34. Kf1 Bd6 35. Kg1 Kf5 36. Kf1 Ke6 37. Ke2 Kd7 38. Nf1 Bd3+ 39.
Ke1 Kc6 40. Nd2 Bc2 41. Nf1 Kb5 42. Kd2 Bd3 43. Ke1 Ka4 44. Nd2 Bc2 45. Nf1 Kb3 46.
Nd2+ Kb2 47. Nf1 Bd3 48. Nd2 Kc2 49. Nf1 Ba3 50. Be5 Bc1 51. Bd4 Bxf1 52. Kxf1 Bd2 53. Be5 Kd3 54. Bd6 Kxc3 55. Be5+ Kd3 0-1

[Event "*** Titled Tuesday 3|2 Blitz"]
[Site "Chess.com"]
[Date "2015.05.05"]
[Round "4"]
[White "geeeeri"]
[Black "IMRosen"]
[Result "0-1"]
[WhiteElo "2059"]
[BlackElo "2223"]
[TimeControl "180+2"]
[EndTime "11:48:09 PDT"]
[Termination "IMRosen won by resignation"]

1. e4 c5 2. Nf3 e6 3. d4 cxd4 4. Nxd4 Nc6 5. c4 Nf6 6. Nc3 Bb4 7. Nxc6 bxc6 8. Bd3 d6 9. O-O Bxc3 10. bxc3 O-O 11.
Ba3 c5 12. e5 dxe5 13. Bxc5 Re8 14. Qf3 Rb8 15. Bxa7 Bb7 16. Qe2 Ra8 17. Be3 Qa5 18. Rfc1 Rec8 19. f3 Ba6 20. Bg5 Nd7 21. Bxh7+ Kxh7 22. Qd3+ e4 23. Qxd7 Qxg5 24. fxe4 Bxc4 25. Qxf7 Rf8 26.
Qc7 Rac8 27. Qd6 Rf6 28. a4 Rg6 29. Rc2 Rd8 30. Qb6 Bd3 31. Rd2 Qxd2 0-1

[Event "*** Titled Tuesday 3|2 Blitz"]
[Site "Chess.com"]
[Date "2015.05.05"]
[Round "4"]
[White "Nouki"]
[Black "Malev212"]
[Result "1-0"]
[WhiteElo "2607"]
[BlackElo "2187"]
[TimeControl "180+2"]
[EndTime "11:48:14 PDT"]
[Termination "Nouki won on time"]

1. d4 d6 2. c4 f5 3. Nc3 Nf6 4. Bg5 Nbd7 5. Qc2 g6 6. Nh3 e5 7. dxe5 dxe5 8. O-O-O c6 9. e4 h6 10. exf5 hxg5 11. fxg6 Qe7 12. Kb1 Bh6 13. f3 Nc5 14.
Nf2 Bg7 15. Be2 Ne6 16. Bd3 Nd4 17. Qd2 Be6 18. Qxg5 Rh5 19. Qe3 O-O-O 20. h4 Rhh8 21. g4 Qb4 22. h5 e4 23. Nfxe4 Nxe4 24. Bxe4 Bxc4 25. h6 Bxh6 26. Rxh6 Rxh6 27. Qxh6 1-0

[Event "*** Titled Tuesday 3|2 Blitz"]
[Site "Chess.com"]
[Date "2015.05.05"]
[Round "4"]
[White "Shankland"]
[Black "Tomsel"]
[Result "1-0"]
[WhiteElo "2513"]
[BlackElo "2349"]
[TimeControl "180+2"]
[EndTime "11:48:17 PDT"]
[Termination "Shankland won on time"]

1. d4 Nf6 2. c4 g6 3. f3 d5 4.
cxd5 Nxd5 5. e4 Nb6 6. Nc3 Bg7 7. Be3 O-O 8. Qd2 e5 9. d5 f5 10. O-O-O fxe4 11. Nxe4 Bf5 12. h4 Qxd5 13. Qxd5+ Nxd5 14. Bc4 c6 15. Nc3 Rc8 16. Rxd5 cxd5 17. Bxd5+ Kh8 18. Bxb7 Nc6 19. Bxa8 Rxa8 20. Nge2 Nb4 21. g4 Be6 22. a3 Nd5 23. Kd2 Rb8 24. b4 Rd8 25.
Bg5 Rd7 26. Ne4 Nxb4+ 27. Ke3 Nc2+ 28. Kf2 h6 29. Nc5 Rd6 30. Be7 Rc6 31. Ng3 Bd5 32. h5 g5 33. Nf5 Nxa3 34. Rd1 Bg8 35. Rd8 Rc7 36. Bd6 Rf7 37. Ne6 Bf6 38. Rxg8+ Kxg8 39.
Nxh6+ Kh7 40. Nxf7 Nc4 41. Nfxg5+ 1-0

[Event "*** Titled Tuesday 3|2 Blitz"]
[Site "Chess.com"]
[Date "2015.05.05"]
[Round "4"]
[White "vinceyoung15"]
[Black "PowerThinking2650"]
[Result "1-0"]
[WhiteElo "2122"]
[BlackElo "2067"]
[TimeControl "180+2"]
[EndTime "11:48:18 PDT"]
[Termination "vinceyoung15 won on time"]

1. e4 e5 2. Nf3 Nc6 3. Bb5 a6 4. Ba4 Nf6 5. d3 b5 6. Bb3 Be7 7. c3 O-O 8. Nbd2 d6 9. Nf1 Na5 10. Bc2 c5 11. Ng3 Nc6 12. O-O Re8 13. Qe2 h6 14. h3 Bf8 15. Nh4 d5 16. Nhf5 d4 17.
f4 exf4 18. Bxf4 Ne5 19. cxd4 cxd4 20. Qf2 Ng6 21. Bd2 Be6 22. a4 b4 23. Nxh6+ gxh6 24. Qxf6 Qc7 25. Nh5 Qxc2 26. Rf2 Qxd3 27. Re1 Rac8 28.
Nf4 Nxf4 29. Bxf4 Bg7 30. Qh4 Rc2 31. Rf3 Qc4 32. Rg3 Kf8 33. Bd6+ Kg8 34. Be5 1-0

[Event "*** Titled Tuesday 3|2 Blitz"]
[Site "Chess.com"]
[Date "2015.05.05"]
[Round "4"]
[White "jcibarra"]
[Black "Kacparov"]
[Result "1/2-1/2"]
[WhiteElo "2510"]
[BlackElo "2443"]
[TimeControl "180+2"]
[EndTime "11:48:48 PDT"]
[Termination "Game drawn by repetition"]

1. e4 c5 2. Nf3 e6 3. d4 cxd4 4.
Nxd4 a6 5. c4 Nf6 6. Nc3 Qc7 7.
a3 b6 8. Be3 Bb7 9. f3 d6 10.
Be2 Nbd7 11. Rc1 Be7 12. O-O O-O 13. b4 Rac8 14. Qd2 Rfe8 15. Rc2 Qb8 16. Rb1 Bd8 17. Kh1 Bc7 18. Bg1 Qa8 19. Na4 Ne5 20. c5 bxc5 21.
bxc5 Nxe4 22. fxe4 Bxe4 23. Bf1 Bxc2 24. Nxc2 dxc5 25.
Nxc5 Red8 26. Qe1 Bd6 27. Nb7 Rxc2 28. Nxd8 Qxd8 29. Rd1 Rc8 30. Bxa6 Ra8 31. Bc5 Bxc5 32. Rxd8+ Rxd8 33. Bf1 Ng4 34. Qa5 Nf2+ 35. Kg1 Nh3+ 36. Kh1 Nf2+ 37. Kg1 Nh3+ 38. Kh1 Nf2+ 1/2-1/2

[Event "*** Titled Tuesday 3|2 Blitz"]
[Site "Chess.com"]
[Date "2015.05.05"]
[Round "4"]
[White "Imre91"]
[Black "GMBenjaminBok"]
[Result "1-0"]
[WhiteElo "2561"]
[BlackElo "2421"]
[TimeControl "180+2"]
[EndTime "11:48:53 PDT"]
[Termination "Imre91 won by resignation"]

1. d4 Nf6 2. Nf3 g6 3. g3 c5 4. d5 Bg7 5. Nc3 O-O 6. Bg2 d6 7. O-O Na6 8. a4 Nc7 9. h3 Rb8 10. e4 b6 11. Re1 Nd7 12. Bf4 a6 13. e5 dxe5 14. Nxe5 Nxe5 15. Bxe5 Bb7 16. Bxg7 Kxg7 17.
Qe2 Re8 18. Rad1 Qd7 19. Ne4 Qxa4 20. c4 Qd7 21. Qf3 f5 22. Qc3+ Kg8 23. Ng5 Rf8 24.
f4 Rbe8 25. d6 Bxg2 26. dxe7 Qc6 27. exf8=Q+ Rxf8 28. Rd2 Be4 29. Qe5 Re8 30. Qd6 Qxd6 31. Rxd6 b5 32. b3 bxc4 33. bxc4 a5 34. Rd7 Ne6 35.
Nxe4 fxe4 36. Rxe4 a4 37. Ra7 Kf8 38. Rxh7 a3 39. Rh8+ Kf7 40. Rxe8 Kxe8 41. Rxe6+ 1-0

[Event "*** Titled Tuesday 3|2 Blitz"]
[Site "Chess.com"]
[Date "2015.05.05"]
[Round "4"]
[White "eltenedor"]
[Black "jup1978"]
[Result "0-1"]
[WhiteElo "1951"]
[BlackElo "2144"]
[TimeControl "180+2"]
[EndTime "11:48:53 PDT"]
[Termination "jup1978 won on time"]

1. c4 e5 2. g3 Nf6 3. Bg2 c6 4. d4 Bb4+ 5. Bd2 Bxd2+ 6. Qxd2 d6 7. Nc3 O-O 8. e3 Be6 9. b3 exd4 10. Qxd4 d5 11.
cxd5 cxd5 12. Nge2 Nc6 13. Qd2 d4 14. Nxd4 Nxd4 15.
Qxd4 Qa5 16. b4 Qa3 17. Nb5 Qa4 18. Nc3 Qa3 19. Nb5 Qa4 20. Nc3 Qc2 21. Qd2 Qxd2+ 22.
Kxd2 Rfd8+ 23. Kc2 Rac8 24. Rhd1 Rxd1 25. Rxd1 Bf5+ 26. Kb2 g6 27. e4 Be6 28. Nd5 Ng4 29. Ne7+ Kf8 30. Nxc8 Nxf2 31. Rd2 Ng4 32. Nd6 Ke7 33.
h3 Ne3 34. Nxb7 Nc4+ 35. Kc3 Nxd2 36. Kxd2 Bxa2 37. Nc5 Kd6 38. Nd3 Be6 39. e5+ Ke7 40.
Ke3 Bc8 41. Kd4 h5 42. Kc5 Kd7 43. Nf4 Kc7 44. Nd5+ Kd7 45. Nf6+ Ke7 46. Bd5 Bxh3 47. Kc6 Bf1 48. Kb7 a6 49. Bc6 Ke6 50. Nd7 g5 51.
Kc7 h4 52. gxh4 gxh4 53. Bh1 Bb5 54. Bc6 h3 55. Bxb5 axb5 0-1

[Event "*** Titled Tuesday 3|2 Blitz"]
[Site "Chess.com"]
[Date "2015.05.05"]
[Round "4"]
[White "MattyDPerrine"]
[Black "amaidel"]
[Result "0-1"]
[WhiteElo "2240"]
[BlackElo "2297"]
[TimeControl "180+2"]
[EndTime "11:48:57 PDT"]
[Termination "amaidel won on time"]

1. d4 f5 2. Nf3 Nf6 3. g3 g6 4. Bg2 Bg7 5. O-O O-O 6. c4 d6 7.
Nc3 Qe8 8. d5 Na6 9. Nd4 Bd7 10.
Re1 Nc5 11. b3 c6 12. Bb2 Ng4 13. b4 Na6 14. a3 c5 15. Ne6 Bxe6 16. dxe6 cxb4 17. axb4 Nxb4 18. Qb3 a5 19. Nb5 Bxb2 20. Qxb2 Rc8 21. Rxa5 Nc6 22. Ra4 Qd8 23. Nc3 Nce5 24.
Qxb7 Rc7 25. Qb3 Nf6 26. Nd5 Nxd5 27. Bxd5 f4 28. Rea1 fxg3 29. hxg3 Ng4 30. Ra8 Rc8 31. Rxc8 Qxc8 32. Ra8 Qc5 33. Rxf8+ Kxf8 34. e3 Kg7 35. Qc3+ Nf6 36. Qd4 Qa3 37. Kg2 h5 38. f3 Qa2+ 39.
Kh3 Qf2 40. f4 Kh7 41. Qa7 Ng8 42. Qb6 Qf1+ 43. Bg2 Qxc4 44. Qd8 Qxe6+ 45. Kh2 Nf6 46. Qf8 Ng4+ 47. Kh1 Nxe3 0-1

[Event "*** Titled Tuesday 3|2 Blitz"]
[Site "Chess.com"]
[Date "2015.05.05"]
[Round "4"]
[White "Mvpag"]
[Black "salomez"]
[Result "0-1"]
[WhiteElo "1943"]
[BlackElo "2137"]
[TimeControl "180+2"]
[EndTime "11:49:25 PDT"]
[Termination "salomez won by resignation"]

1. d4 Nf6 2. Nf3 g6 3. c3 Bg7 4. h3 d5 5. Nbd2 h6 6. e3 Bf5 7.
Qb3 Qc8 8. Be2 Nc6 9. O-O O-O 10.
c4 dxc4 11. Nxc4 Ne4 12. Nfd2 Nd6 13. Bf3 a5 14. Bxc6 bxc6 15. Re1 a4 16. Qd1 Be6 17. Ne5 c5 18. Ndf3 cxd4 19. Nc6 Qd7 20. Ncxd4 Bc4 21. Qc2 c5 22. Ne2 a3 23. Nc3 axb2 24. Bxb2 Be6 25. Red1 Qc8 26. Ne2 Bf5 27. Qc1 Bxb2 28. Qxb2 Qc7 29.
Nh4 Be6 30. Qe5 Bxa2 31. Nxg6 fxg6 32. Rxa2 Rxa2 33. Qe6+ Kh7 34. Qxa2 c4 35. Nc3 Qc5 36.
Rd4 Qe5 37. Qa6 Rb8 38. g3 Rb2 39. Qa7 Rc2 40. Nb5 Nxb5 41. Qb7 Nxd4 42. exd4 Qe1+ 43. Kg2 Qxf2+ 0-1

[Event "*** Titled Tuesday 3|2 Blitz"]
[Site "Chess.com"]
[Date "2015.05.05"]
[Round "4"]
[White "Recombinant"]
[Black "jefferyx"]
[Result "0-1"]
[WhiteElo "2149"]
[BlackElo "2339"]
[TimeControl "180+2"]
[EndTime "11:49:38 PDT"]
[Termination "jefferyx won by resignation"]

1. e4 c5 2. Nf3 d6 3. d4 cxd4 4.
Nxd4 Nf6 5. Nc3 a6 6. Bg5 e6 7. f4 b5 8. e5 dxe5 9. fxe5 Qc7 10.
exf6 Qe5+ 11. Qe2 Qxg5 12. Ne4 Qe5 13. O-O-O Bb7 14. Qd2 Bd5 15. Nc3 gxf6 16. Ndxb5 h5 17. Kb1 Bh6 18. Qf2 Bxa2+ 19. Nxa2 axb5 20. Qb6 O-O 21.
Qxb5 Qxb5 22. Bxb5 Na6 23. Rhf1 f5 24. Rf3 h4 25. g3 Rfb8 26. Bc6 Ra7 27. Rd7 Rxd7 28. Bxd7 Bg7 29. b3 Nc5 30. Bc6 Rb6 31. Ba8 Ra6 32. b4 Rxa8 33. bxc5 Rc8 34. gxh4 Rxc5 35.
Kc1 Rc4 36. h5 Rh4 37. Rf2 Rxh5 38. Nb4 Rh4 39. Nc6 Bf6 40. Kd2 Rc4 41. Na5 Rd4+ 42. Ke3 Re4+ 43. Kd3 Kf8 44. Nb3 Ke7 45. Rg2 Rh4 46.
Re2 Rh3+ 47. Kd2 Bc3+ 48. Kd1 Kd6 49. Nd2 Kd5 50. Nf1 f4 51. Rf2 e5 52. Ke2 f5 53.
Nd2 e4 54. Nb1 f3+ 55. Kf1 Be5 56. Na3 Kc5 57. c4 Bxh2 58. Rc2 Bg3 59. Nb5 e3 60. Nc3 0-1

[Event "*** Titled Tuesday 3|2 Blitz"]
[Site "Chess.com"]
[Date "2015.05.05"]
[Round "4"]
[White "brauliocuarta"]
[Black "MrHenriksson"]
[Result "1-0"]
[WhiteElo "2081"]
[BlackElo "2012"]
[TimeControl "180+2"]
[EndTime "11:49:39 PDT"]
[Termination "brauliocuarta won by checkmate"]

1. d4 c6 2. c4 d5 3. cxd5 cxd5 4. Bf4 Nc6 5. Nc3 a6 6. e3 Nf6 7. Bd3 e6 8. Rc1 Bd6 9. Bxd6 Qxd6 10. f4 Nd7 11.
Nf3 f5 12. O-O O-O 13. Ne5 Ndxe5 14. fxe5 Qe7 15. Na4 Bd7 16. Nc5 Rab8 17. a3 Rfc8 18. b4 a5 19. b5 Nxe5 20. Qd2 Nc4 21. Bxc4 dxc4 22. a4 b6 23. Na6 Rb7 24. Qa2 c3 25. Qb3 Be8 26. Rxc3 Rxc3 27. Qxc3 e5 28. dxe5 Rd7 29.
Rxf5 Rd1+ 30. Rf1 Rxf1+ 31. Kxf1 Qf7+ 32. Kg1 Qa2 33. h3 Qxa4 34. Qc8 Qxb5 35. Nc7 Qb1+ 36.
Kh2 h6 37. Qxe8+ Kh7 38. Ne6 Qf5 39. Nf8+ Kg8 40. Qe6+ Qxe6 41. Nxe6 a4 42. Nd4 a3 43. Nb3 Kf7 44. Kg3 Ke6 45. Kf4 g5+ 46. Ke4 a2 47. g4 b5 48. Kd4 b4 49. e4 Ke7 50. Kd5 Kd7 51. e6+ Ke7 52. e5 Ke8 53. Kd6 Kd8 54. e7+ Ke8 55. e6 a1=Q 56. Nxa1 b3 57. Nxb3 h5 58. Nd4 hxg4 59. Nf5 gxh3 60. Ng7# 1-0

[Event "*** Titled Tuesday 3|2 Blitz"]
[Site "Chess.com"]
[Date "2015.05.05"]
[Round "4"]
[White "iFrancisco"]
[Black "AungTZ"]
[Result "1-0"]
[WhiteElo "2292"]
[BlackElo "2136"]
[TimeControl "180+2"]
[EndTime "11:49:41 PDT"]
[Termination "iFrancisco won on time"]

1. e4 c5 2. Nf3 Nc6 3. d4 cxd4 4. Nxd4 Nf6 5. Nc3 d6 6. Be2 e5 7. Nb3 Be7 8. O-O O-O 9. f4 a5 10. a4 Be6 11. f5 Bd7 12. Kh1 Nb4 13. Bg5 Bc6 14.
Bf3 Re8 15. Qd2 Qb6 16. Rad1 Rad8 17. Be3 Qc7 18. Qf2 Nd7 19. Rd2 b6 20. Rfd1 Nc5 21.
Nxc5 dxc5 22. b3 h6 23. Nd5 Bxd5 24. exd5 e4 25. Bxe4 Bd6 26. Bf3 Bxh2 27. g4 Bf4 28.
d6 Bxd6 29. f6 g5 30. c4 Bf8 31. Kg2 Rxd2 32. Rxd2 Qe5 33. Re2 Bd6 34. Bf4 gxf4 35. Rxe5 Bxe5 36. Qh4 Re6 37. g5 Bd6 38. Qxh6 Bf8 39.
Qh5 Nd3 40. g6 Ne1+ 41. Kf1 fxg6 42. Qxg6+ Kh8 43. Be4 Rxe4 44. Qxe4 Ng2 45. Qxg2 Bh6 46. Qg6 f3 47. Qxh6+ 1-0

[Event "*** Titled Tuesday 3|2 Blitz"]
[Site "Chess.com"]
[Date "2015.05.05"]
[Round "4"]
[White "vovkcoach"]
[Black "wonderfultime"]
[Result "1-0"]
[WhiteElo "2438"]
[BlackElo "2567"]
[TimeControl "180+2"]
[EndTime "11:49:43 PDT"]
[Termination "vovkcoach won by resignation"]

1. d4 d5 2. c4 c6 3. Nf3 Nf6 4.
Nc3 dxc4 5. a4 Bf5 6. Ne5 Nbd7 7. Nxc4 Qc7 8. g3 e5 9. dxe5 Nxe5 10. Bf4 Nfd7 11. Bg2 f6 12. O-O g5 13. Bxe5 Nxe5 14.
Ne3 Be6 15. Qc2 Qf7 16. Ne4 Be7 17. f4 gxf4 18. gxf4 Nc4 19. Nxc4 Bxc4 20. a5 O-O 21. Ng3 Kh8 22. Kh1 Rg8 23. Bf3 Rad8 24. Rac1 Bb3 25.
Qc3 a6 26. Nf5 Bf8 27. Rg1 Rxg1+ 28. Rxg1 Be6 29. Ng3 Be7 30. e4 Rg8 31. f5 Bb3 32.
e5 Qc4 33. e6 Qxc3 34. bxc3 Bc4 35. Rb1 Bb5 36. c4 Bxc4 37. Rxb7 Bd6 38. Ne4 Be5 39.
Rd7 Bd5 40. Nd2 Ba2 41. Bxc6 Bf4 42. e7 Bf7 43. Rd8 Bxd2 44. Rxd2 Kg7 45. Rg2+ Kh8 46. Rxg8+ Kxg8 47. e8=Q+ Bxe8 48. Bxe8 Kf8 49. Bb5 1-0

[Event "*** Titled Tuesday 3|2 Blitz"]
[Site "Chess.com"]
[Date "2015.05.05"]
[Round "4"]
[White "bugsbunny444"]
[Black "facu57"]
[Result "0-1"]
[WhiteElo "2298"]
[BlackElo "2166"]
[TimeControl "180+2"]
[EndTime "11:49:48 PDT"]
[Termination "facu57 won by resignation"]

1. Nf3 c6 2. c4 d5 3. g3 e6 4. Bg2 Nf6 5. b3 Be7 6. O-O O-O 7. Bb2 Nbd7 8. d4 b6 9. Qc2 Bb7 10. Nc3 Rc8 11. e4 dxe4 12. Nxe4 c5 13. Nxf6+ Bxf6 14. Ng5 Bxg5 15. Bxb7 Rc7 16. Bg2 cxd4 17. Bxd4 Nc5 18.
Rfd1 Rd7 19. Bc3 Bf6 20. Rxd7 Nxd7 21. Rd1 Bxc3 22. Qxc3 Qe7 23. Qd4 Nf6 24. Qd6 Re8 25.
Qxe7 Rxe7 26. Rd8+ Re8 27. Rd3 Kf8 28. f4 Ke7 29. Bf3 Nd7 30. Kf2 Nc5 31. Rd2 Rc8 32.
Ke3 Na6 33. Kd4 Nb4 34. Kc3 a5 35. a3 Nc6 36. b4 axb4+ 37. axb4 Nd8 38. Ra2 Rb8 39.
Ra7+ Kf6 40. Rd7 h6 41. Be4 g5 42. Kd4 Rc8 43. b5 h5 44. fxg5+ Kxg5 45. Bd3 Kf6 46. Rd6 Rb8 47. Be4 Ke7 48. Rc6 Nxc6+ 49. bxc6 Kd6 50. Bf3 Rh8 51. Kc3 Kc5 52. Kd3 h4 53. g4 Rd8+ 54. Kc3 Ra8 55. Be4 Ra3+ 56. Kb2 Ra7 57. Kc3 Rc7 58. h3 f6 59. Kd3 e5 60.
Kc3 Ra7 61. Bd5 Kd6 62. Kb4 Ra5 63. Kb3 Kc7 64. Kb4 Ra1 65. Kc3 Ra3+ 66. Kd2 Rxh3 0-1

[Event "*** Titled Tuesday 3|2 Blitz"]
[Site "Chess.com"]
[Date "2015.05.05"]
[Round "4"]
[White "NguyenDucHoa"]
[Black "AlexanderL"]
[Result "0-1"]
[WhiteElo "2384"]
[BlackElo "2534"]
[TimeControl "180+2"]
[EndTime "11:49:49 PDT"]
[Termination "AlexanderL won on time"]

1. d4 e6 2. c4 Nf6 3. Nf3 d5 4. g3 Be7 5. Bg2 O-O 6. O-O dxc4 7. Qc2 a6 8. a4 Bd7 9. Rd1 Bc6 10. Nc3 Bxf3 11. Bxf3 Nc6 12. Bxc6 bxc6 13. a5 Qb8 14.
Qa4 Qb3 15. Qxc6 Nd5 16. Bf4 Rfd8 17. Nxd5 exd5 18. Qxc7 Bf8 19. Rd2 Bb4 20. Rdd1 Qxb2 21. Rdb1 Qc3 22. Ra2 Rac8 23. Qb7 Bxa5 24. Qxa6 Bc7 25.
Be3 Bd6 26. Qa4 Rb8 27. Rxb8 Rxb8 28. Qd7 Qb4 29. Ra7 Qb1+ 30. Kg2 Qe4+ 31. f3 Qe6 32. Qc6 Qxe3 33. Qxd6 Qxe2+ 34. Kh3 Qe6+ 35. Qxe6 fxe6 36. Rc7 Rb3 37. Kg4 Rd3 38. Kf4 Rxd4+ 39. Ke5 Rd3 40.
Kxe6 h6 41. f4 c3 42. f5 d4 43. f6 Re3+ 44. Kd5 d3 0-1

[Event "*** Titled Tuesday 3|2 Blitz"]
[Site "Chess.com"]
[Date "2015.05.05"]
[Round "4"]
[White "Keranke"]
[Black "Boryboy"]
[Result "0-1"]
[WhiteElo "2544"]
[BlackElo "2435"]
[TimeControl "180+2"]
[EndTime "11:50:17 PDT"]
[Termination "Boryboy won by resignation"]

1. d4 e6 2. c4 d5 3. Nf3 Nf6 4. g3 dxc4 5. Bg2 Bb4+ 6. Bd2 a5 7. O-O Nc6 8. Bg5 h6 9. Bxf6 Qxf6 10. e3 e5 11. d5 e4 12. dxc6 exf3 13. Qxf3 Qxf3 14.
Bxf3 b5 15. Nc3 Rb8 16. Rfc1 Be6 17. Nd5 Bd6 18. a4 Be5 19. axb5 Bxd5 20. Bxd5 Bxb2 21. Bxc4 Ke7 22. Rcb1 Bxa1 23. Rxa1 Ra8 24. Ra4 Rhd8 25. Kg2 Rd2 26. Kf3 Rb2 27. Be2 Rb4 28. Ra3 a4 29.
Bd1 Rxb5 30. Rxa4 Rxa4 31. Bxa4 Rb4 32. Bc2 Kd6 33. Be4 Rc4 34. g4 Ke5 35. Bh7 Rxc6 36. Kg3 Rc1 37. f4+ Kf6 38. Be4 c5 39. h4 g5 40. Bd5 Rd1 41. hxg5+ hxg5 42. fxg5+ Kg6 43.
e4 Kxg5 44. Bxf7 Rd3+ 45. Kf2 Kxg4 46. Ke2 Rd4 47. Ke3 Kg5 48. Bd5 Kf6 49. Bg8 Ke5 50.
Bd5 c4 51. Bg8 Rd3+ 52. Ke2 Kd4 53. e5 c3 54. Bb3 Re3+ 55. Kd1 Rxe5 56. Bc2 Ke3 57.
Bh7 Kd4 58. Bg6 Rg5 59. Bh7 Rg2 60. Kc1 Rh2 61. Bg6 Kc4 62. Bf7+ Kb4 63. Be6 Rh6 64.
Bd5 Rd6 65. Bf7 Rf6 66. Bg8 Rf2 67. Bh7 Kb3 68. Bg8+ Ka3 69. Be6 Re2 70. Bf7 Re7 71. Bg8 Kb4 72. Kc2 Re2+ 73. Kc1 Kc5 74. Bh7 Re7 75. Bg6 Kc4 76. Bc2 Re1+ 0-1

[Event "*** Titled Tuesday 3|2 Blitz"]
[Site "Chess.com"]
[Date "2015.05.05"]
[Round "4"]
[White "Enozen"]
[Black "Cryptochess"]
[Result "0-1"]
[WhiteElo "2484"]
[BlackElo "2402"]
[TimeControl "180+2"]
[EndTime "11:50:27 PDT"]
[Termination "Cryptochess won by resignation"]

1. d4 Nf6 2. Bg5 e6 3. e4 h6 4. Bxf6 Qxf6 5. c3 g6 6. Bd3 Bg7 7. Ne2 d6 8. O-O O-O 9. f4 Qe7 10. Nd2 c5 11. Nf3 cxd4 12. cxd4 Nc6 13. e5 Rd8 14.
Rc1 dxe5 15. fxe5 Bd7 16. h4 Nb4 17. Bb1 Bb5 18. Rf2 Rac8 19. Nc3 Bc6 20. a3 Bxf3 21. Qxf3 Nc6 22. Rcf1 Rd7 23. h5 Nxd4 24. Qe4 Nf5 25.
hxg6 fxg6 26. Ne2 Rc5 27. Ba2 Rxe5 28. Qf4 g5 29. Qf3 Ne3 30. Rc1 Nf5 31. Ng3 Nxg3 32.
Qxg3 Re4 33. Rc8+ Rd8 34. Rxd8+ Qxd8 35. Qf3 Re1+ 36. Kh2 Qd6+ 37. g3 Qe7 38. Rc2 Be5 39. Kh3 Kg7 40. Re2 Rxe2 41. Qxe2 Qf6 42. Bb1 Bb8 43. Be4 Qe5 44. Qf3 h5 45. Kg2 h4 46.
gxh4 Qh2+ 47. Kf1 Qxh4 48. Bxb7 Qc4+ 49. Kg2 Qc2+ 50. Kf1 Qc1+ 51. Kg2 Qxb2+ 52. Kf1 Qc1+ 53. Kg2 Qd2+ 54. Qf2 Qxf2+ 55. Kxf2 Bd6 56. Kf3 Bxa3 57. Kg4 Kf6 58. Be4 a5 59. Bc2 Bc1 60. Bb3 Bf4 61.
Bc2 Ke5 0-1

[Event "*** Titled Tuesday 3|2 Blitz"]
[Site "Chess.com"]
[Date "2015.05.05"]
[Round "4"]
[White "MinhGTrAn"]
[Black "GregShahade"]
[Result "1-0"]
[WhiteElo "2517"]
[BlackElo "2436"]
[TimeControl "180+2"]
[EndTime "11:50:33 PDT"]
[Termination "MinhGTrAn won by checkmate"]

1. d4 Nf6 2. Bg5 c5 3. d5 Ne4 4.
Bc1 g6 5. f3 Nd6 6. e4 Bg7 7.
Nc3 O-O 8. Nh3 f5 9. Nf2 fxe4 10.
Ncxe4 Nxe4 11. Nxe4 d6 12. c3 Nd7 13. Be2 Ne5 14.
O-O h6 15. a4 Kh7 16. Be3 Bf5 17. Ng3 Bd7 18. Qd2 b6 19. h3 a6 20. f4 Nf7 21.
Bd3 Bf6 22. Qe2 Kg7 23. Bxa6 Bh4 24. Ne4 Bf5 25. Bd3 e6 26. dxe6 Bxe6 27. Bf2 Bxf2+ 28.
Nxf2 Re8 29. Rae1 Bd7 30. Qc2 Rxe1 31. Rxe1 Qf6 32. b3 Re8 33. Rxe8 Bxe8 34. g3 d5 35. Ng4 Qe6 36. f5 gxf5 37. Bxf5 Qe1+ 38. Kh2 Ng5 39. h4 Nf3+ 40. Kg2 Nd2 41. Qd3 d4 42. cxd4 Bc6+ 43. d5 Bxd5+ 44. Kh3 Qh1+ 45. Nh2 Qg2+ 46. Kg4 h5+ 47.
Kxh5 Bf7+ 48. Kg5 Qxh2 49. Qc3+ Kg8 50. Kh6 Kf8 51. Qg7+ Ke8 52. Qe5+ Kf8 53. Qd6+ Ke8 54. Bd7+ Kd8 55. Be6+ Ke8 56. Qd7+ Kf8 57. Qxf7# 1-0

[Event "*** Titled Tuesday 3|2 Blitz"]
[Site "Chess.com"]
[Date "2015.05.05"]
[Round "4"]
[White "Tilicheev_Viacheslav"]
[Black "Hikaru"]
[Result "0-1"]
[WhiteElo "2431"]
[BlackElo "2831"]
[TimeControl "180+2"]
[EndTime "11:50:36 PDT"]
[Termination "Hikaru won by resignation"]

1. b3 e5 2. Bb2 Nc6 3. e3 Bd6 4. Na3 Bxa3 5. Bxa3 Nge7 6. Bb2 O-O 7. Nf3 d6 8. d3 Bg4 9. Be2 Qd7 10. O-O Rae8 11.
h3 Bxf3 12. Bxf3 f5 13. c4 Ng6 14. Rc1 Nh4 15. Bd5+ Kh8 16. Ba3 Ne7 17. Bxb7 c6 18. Ba6 Rf6 19. Kh2 f4 20. c5 d5 21. g3 Nhf5 22.
exf4 exf4 23. g4 Nh4 24. Bb2 Re6 25. Rc2 Neg6 26. d4 f3 27. Bc1 Qc7+ 28. Kh1 Nf4 29. Bxf4 Qxf4 30. Qd2 Qc7 31. Qg5 Ng2 32. Rc3 Qf7 33.
Qf5 Rf6 34. Qh5 Qf8 35. g5 Rf4 36. Rxf3 Rxf3 37. Kxg2 Rf4 38. Bd3 g6 39. Bxg6 Re7 40.
Bb1 Qf7 41. Qxf7 Rexf7 42. f3 Rxd4 43. Kg3 Rdf4 44. h4 Kg7 45. Bd3 Rf8 46. Rf2 Rd4 47. Bc2 Rff4 48. Re2 Rxh4 49. Re7+ Kg8 50. Rxa7 Rh1 51.
Ra8+ Kf7 52. Ra7+ Ke6 53. Rxh7 Rg1+ 54. Kf2 Rxg5 55. Ke3 Rb4 56. Rh6+ Kd7 57. Rh7+ Kd8 58. Rh8+ Ke7 59. Rh7+ Kf6 60. Rh6+ Ke5 61. Rxc6 Rg2 62. a3 Rh4 63. Kd3 Rf4 64. Kc3 Rxf3+ 65. Kb4 Rxc2 66.
Rc8 Rb2 67. Re8+ Kd4 68. Kb5 Rfxb3+ 69. Kc6 Rc3 0-1